 Dungeon Crawl Stone Soup version 0.30-a0-269-gf0224bf7b6 (webtiles) character file.

Game seed: 1475910906192419632

144 pascalblue the Gusty (level 5, -2/28 HPs)
             Began as a Deep Elf Air Elementalist on Oct 14, 2022.
             Was an Initiate of Sif Muna.
             Slain by a kobold brigand
             ... wielding a +0 whip
              (6 damage)
             ... on level 4 of the Dungeon.
             The game lasted 00:09:12 (2903 turns).

pascalblue the Gusty (Deep Elf Air Elementalist)    Turns: 2903, Time: 00:09:13

Health: -2/28      AC:  6    Str:  5    XL:     5   Next: 5%
Magic:  3/13       EV: 12    Int: 28    God:    Sif Muna [......]
Gold:   114        SH:  0    Dex: 15    Spells: 2/12 levels left

rFire   . . .      SeeInvis .    c - +0 whip
rCold   . . .      Faith    .    (no shield)
rNeg    . . .      Spirit   .    a - +0 robe
rPois   .          Reflect  .    (no helmet)
rElec   .          Harm     .    (no cloak)
rCorr   .          Rampage  .    (no gloves)
Will    .....                    (no boots)
Stlth   ++........               (no amulet)
HPRegen 0.24/turn                g - +6 ring of intelligence
MPRegen 0.13/turn                p - +4 ring of protection

@: no status effects
A: no striking features
a: Renounce Religion


You were on level 4 of the Dungeon.
You worshipped Sif Muna.
Sif Muna was noncommittal.
You visited 1 branch of the dungeon, and saw 4 of its levels.

You collected 114 gold pieces.

Inventory:

Hand Weapons
 c - a +0 whip (weapon)
Armour
 a - a +0 robe (worn)
Jewellery
 g - a +6 ring of intelligence (left hand)
 j - a ring of fire
 p - a +4 ring of protection (right hand)
Wands
 q - a wand of paralysis (7)
Scrolls
 e - 4 scrolls of vulnerability {unknown}
 f - a scroll of magic mapping {unknown}
 h - 4 scrolls of fear {unknown}
 i - a scroll of butterflies {unknown}
 l - 3 scrolls of noise {unknown}
 m - a scroll of enchant weapon {unknown}
 r - a scroll of teleportation {unknown}
 s - a scroll of immolation {unknown}
 t - a scroll of amnesia {unknown}
Potions
 b - a potion of magic
 d - a potion of haste {unknown}
 k - 2 potions of lignification {unknown}
 n - a potion of cancellation {unknown}
 o - a potion of curing {unknown}
 u - a potion of flight {unknown}


   Skills:
 - Level 2.4 Dodging
 - Level 2.4 Stealth
 + Level 4.0 Spellcasting
 * Level 2.7 Conjurations
 * Level 4.7 Air Magic


You had 2 spell levels left.
You knew the following spells:

 Your Spells              Type           Power      Damage    Failure   Level
a - Shock                 Conj/Air       100%       1d9       1%          1
b - Static Discharge      Conj/Air       52%        2-5/arc   2%          2
c - Swiftness             Air            32%        N/A       3%          3
d - Airstrike             Air            16%        2d(3-19)  11%         4

Your spell library contained the following spells:

 Spells                   Type           Power      Damage    Failure   Level
 Ignite Poison            Fire/Tmut/Pois 5%         N/A       22%         3
 Sticky Flame             Conj/Fire      13%        2d4       38%         4
 Ignition                 Fire           2%         3d3       100%        8


Dungeon Overview and Level Annotations

Branches:
Dungeon (4/15)
 Temple: D:4-7

Altars:
Sif Muna


Message History

The kobold brigand is struck by an arc of lightning.
The kobold brigand is moderately wounded.
You are struck by an arc of lightning.
The kobold brigand is struck by an arc of lightning.
The kobold brigand is heavily wounded.
The lightning grounds out.
The kobold brigand closely misses you.
Casting: Static Discharge (safe; 2% risk of failure)
Confirm with . or Enter, or press ? or * to list all spells.
The kobold brigand is struck by an arc of lightning.
The kobold brigand is heavily wounded.
You are struck by an arc of lightning.
The kobold brigand is struck by an arc of lightning.
The kobold brigand is severely wounded.
You are struck by an arc of lightning.
The lightning grounds out.
The kobold brigand hits you with a +0 whip.
Casting: Static Discharge (safe; 2% risk of failure)
Confirm with . or Enter, or press ? or * to list all spells.
The kobold brigand is struck by an arc of lightning.
The kobold brigand is severely wounded.
You are struck by an arc of lightning.
The kobold brigand is struck by an arc of lightning.
The kobold brigand is almost dead.
You are struck by an arc of lightning.
* * * LOW HITPOINT WARNING * * *
The lightning grounds out.
The kobold brigand barely misses you.
Unknown command.
Casting: Static Discharge (safe; 2% risk of failure)
Confirm with . or Enter, or press ? or * to list all spells.
The kobold brigand is struck by an arc of lightning.
The kobold brigand is almost dead.
You are struck by an arc of lightning.
* * * LOW HITPOINT WARNING * * *
The lightning grounds out.
The giant cockroach is struck by an arc of lightning.
The giant cockroach is severely wounded.
You are struck by an arc of lightning.
* * * LOW HITPOINT WARNING * * *
The lightning grounds out.
The kobold brigand hits you with a +0 whip.
You die...

#.#.# . #.#.#
?. #.#.#
...##.#.# #
......# .# #
....###.##..
#.........K
#.@B...##.J
#K.........
...........##.#
#..............
#.###.....####.
# #...$.#
#.....# #......
#...!.##


You could see a kobold brigand and a giant cockroach.

Vanquished Creatures
  A scorpion (D:3)
  2 orc wizards (D:3)
  A worm (D:2)
  6 ball pythons
  6 endoplasms
  3 goblins
  4 hobgoblins
  A quokka (D:3)
  2 bats
  4 frilled lizards
  A kobold (D:1)
  2 rats (D:2)
33 creatures vanquished.

Notes
Turn   | Place    | Note
-------+----------+-------------------------------------------
     0 | D:1      | pascalblue the Deep Elf Air Elementalist began the quest
                  | for the Orb.
     0 | D:1      | Reached XP level 1. HP: 10/10 MP: 6/6
     3 | D:1      | Noticed an electric eel
     4 | D:1      | Noticed an electric eel
   480 | D:1      | Found a faded altar of an unknown god.
   980 | D:2      | Reached XP level 2. HP: 15/15 MP: 6/8
  1646 | D:3      | Reached XP level 3. HP: 19/19 MP: 5/9
  2384 | D:3      | Found a shimmering blue altar of Sif Muna.
  2392 | D:3      | Became a worshipper of Sif Muna the Loreminder
  2487 | D:3      | Reached XP level 4. HP: 24/24 MP: 2/11
  2646 | D:4      | Noticed a scorpion
  2651 | D:4      | Noticed a kobold brigand
  2665 | D:3      | Killed a scorpion
  2666 | D:3      | Reached XP level 5. HP: 5/28 MP: 6/13
  2840 | D:3      | Learned a level 2 spell: Static Discharge
  2844 | D:3      | Learned a level 3 spell: Swiftness
  2849 | D:3      | Learned a level 4 spell: Airstrike
  2903 | D:4      | Slain by a kobold brigand

Illustrated notes

Levels and vault maps discovered:
D:1:      arrival_aquarium_b, layout_basic,
          hellmonk_ecumenical_altar_heavens_door, kennysheep_doodads,
          kennysheep_minor_cross, minmay_misc_feat_ornament
D:2:      layout_basic
D:3:      layout_loops_corners, led_sif_book, hex_large
D:4:      layout_basic, mainiacjoe_overflow_divided_tiny, kennysheep_mini_moat,
          minmay_fountain_box

Skill      XL: |  1  2  3  4 |
---------------+-------------+-----
Conjurations   | 2 |  2.7
Air Magic      | 4 |  4.7
Spellcasting   | 4 |  4.0
Dodging        | |  2.4
Stealth        | |  2.4

Action                   |  1- 3 |  4- 6 || total
-------------------------+-------+-------++-------
Melee: Unarmed           |     3 |       ||     3
 Cast: Shock             |    62 |    15 ||    77
       Static Discharge  |       |     5 ||     5
Armor: Robe              |     1 |     4 ||     5
Dodge: Dodged            |     8 |    11 ||    19

Table legend: (Time is in decaauts)
 A = Elapsed time spent in this place.
 B = Non-inter-level travel time spent in this place.
 C = Inter-level travel time spent in this place.
 D = Time resting spent in this place.
 E = Time spent auto-exploring this place.
 F = Levels seen in this place.
 G = Mean time per level.
                   A        B        C        D        E       F      G
               +--------+--------+--------+--------+--------+-----+--------+
         Total |   2906 |   2781 |    125 |    183 |   2295 |   4 |  726.5 |
       Dungeon |   2906 |   2781 |    125 |    183 |   2295 |   4 |  726.5 |
               +--------+--------+--------+--------+--------+-----+--------+

Top non-repeatable levels by time:
     D:3: 1325 daAuts
     D:1: 975 daAuts
     D:2: 573 daAuts
     D:4: 33 daAuts
